 Dungeon Crawl Stone Soup version 0.31.0-12-g77e489cdc1 (webtiles) character file.

Game seed: 4844002222028380647

11298 Gadfly the Covert (level 11, -4/56 HPs)
             Began as a Spriggan Enchanter on Feb 22, 2024.
             Was an Initiate of Gozag.
             Engulfed by a fire crab's flame (21 damage)
             ... on level 10 of the Dungeon.
             The game lasted 00:19:49 (12349 turns).

Gadfly the Covert (Spriggan Enchanter)             Turns: 12349, Time: 00:19:50

Health: -4/56      AC:  5    Str:  4    XL:     11   Next: 47%
Magic:  24/24      EV: 28    Int: 19    God:    Gozag
Gold:   1778       SH:  5    Dex: 18    Spells: 22/27 levels left

rFire   . . .        a - +3 dagger (freeze)
rCold   + . .        p - orb {guile}
rNeg    . . .        E - +2 robe {rC+}
rPois   .            (helmet restricted)
rElec   .            C - +0 cloak
rCorr   .            (gloves unavailable)
SInv    +            (boots unavailable)
Will    .....        u - amulet of reflection
Stlth   +++++        e - +5 ring of evasion
HPRegen 0.29/turn    (no ring)
MPRegen 0.19/turn

%: reflection
@: very quick
A: very small, no large weapons, unfitting armour, see invisible, speed 3
a: Renounce Religion, Potion Petition, Call Merchant, Bribe Branch


You were on level 10 of the Dungeon.
You worshipped Gozag.
Gozag was most pleased with you.
You visited 2 branches of the dungeon, and saw 12 of its levels.

You collected 1937 gold pieces.
You spent 99 gold pieces at shops.
You paid 60 gold pieces to Gozag.

Inventory:

Hand Weapons
 a - a +3 dagger of freezing (weapon)
 b - a +1 short sword of venom
 t - a +1 dagger
 y - a +0 long sword of flaming
 z - a +3 dagger
 A - a +1 short sword of protection
Armour
 p - an orb of guile (worn)
 C - a +0 cloak (worn)
 E - a +2 robe of cold resistance (worn)
Jewellery
 e - a +5 ring of evasion (left hand)
 u - an amulet of reflection (around neck)
Wands
 n - a wand of flame (19)
 q - a wand of acid (13)
 s - a wand of charming (25)
 D - a wand of roots (9)
 G - a wand of polymorph (4)
Scrolls
 d - 5 scrolls of teleportation
 j - 5 scrolls of vulnerability
 k - 2 scrolls of amnesia
 r - 3 scrolls of poison
 w - a scroll of silence
 x - 2 scrolls of blinking
 B - a scroll of identify
 F - 2 scrolls of revelation
Potions
 c - 2 potions of invisibility
 f - a potion of haste
 h - a potion of curing
 i - a potion of might
 l - a potion of resistance
 m - 2 potions of lignification
 o - a potion of attraction
 v - 3 potions of cancellation


   Skills:
 + Level 5.9 Fighting
 + Level 7.9 Short Blades
 + Level 9.4 Dodging
 + Level 11.5 Stealth
 + Level 8.6 Spellcasting
 + Level 9.1 Hexes
 + Level 8.9 Evocations


You had 22 spell levels left.
You knew the following spells:

 Your Spells              Type           Power      Damage    Failure   Level
a - Ensorcelled Hibernat  Hex/Ice        50%        N/A       1%          2
b - Confusing Touch       Hex            42%        N/A       1%          3

Your spell library contained the following spells:

 Spells                   Type           Power      Damage    Failure   Level
 Tukima's Dance           Hex            42%        N/A       1%          3
 Dazzling Flash           Conj/Hex       50%        N/A       4%          3
 Necrotise                Necr           32%        1d5       9%          1
 Sandblast                Erth           16%        2d6       9%          1
 Lesser Beckoning         Tloc           16%        N/A       13%         2
 Frozen Ramparts          Ice            16%        1d3       26%         3
 Gell's Gravitas          Tloc           8%         N/A       26%         3
 Ozocubu's Armour         Ice            8%         N/A       26%         3
 Passwall                 Erth           8%         N/A       26%         3
 Stone Arrow              Conj/Erth      16%        3d8       26%         3
 Teleport Other           Tloc           8%         N/A       26%         3
 Vampiric Draining        Necr           8%         2d6       26%         3
 Metabolic Englaciation   Hex/Ice        12%        N/A       36%         5
 Brom's Barrelling Bould  Conj/Erth      8%         2d3       65%         4
 Leda's Liquefaction      Alch/Erth      4%         N/A       65%         4
 Manifold Assault         Tloc           8%         N/A       65%         4
 Martyr's Knell           Necr/Summ      8%         N/A       65%         4
 Petrify                  Alch/Erth      8%         N/A       65%         4
 Curse of Agony           Necr           8%         N/A       94%         5
 Dispersal                Tloc           4%         N/A       100%        6
 Sculpt Simulacrum        Ice/Alch       4%         N/A       100%        6
 Disjunction              Tloc           4%         N/A       100%        8


Dungeon Overview and Level Annotations

Branches:
Dungeon (11/15)            Temple (1/1) D:4            Lair (0/5) D:10
    Orc: D:9-12

Altars:
Ashenzari
Cheibriados
Dithmenos
Elyvilon
Fedhas
Gozag
Hepliaklqana
Kikubaaqudgha
Makhleb
Nemelex Xobeh
Okawaru
Qazlal
Ru
Sif Muna
Trog
Uskayaw
Vehumet
Wu Jian
Xom
Yredelemnul
Zin
The Shining One

Shops:
D:1 [   D:8 [

Annotations:
D:5 3 runed translucent doors, TheBioAlchemist's ghost, novice FoFi
D:7 3 runed translucent doors, lupinibeans's ghost, novice DrBe


Innate Abilities, Weirdness & Mutations

You are very small and have problems with some larger weapons.
You are too small for most types of armour.
You have supernaturally acute eyesight. (SInv)
You cover ground extremely quickly. (Speed+++)


Message History

No target in view!
No target in view!
No target in view!
No target in view!
No target in view!
No target in view!
No target in view!
No target in view!
No target in view!
No target in view!
No target in view!
No target in view!
You start resting.
Magic restored.
You now have 1778 gold pieces (gained 4).
There is an open translucent door here.
Found a deep dwarf skeleton.
You see here an ogre skeleton.
You see here a +0 helmet.
An entropy weaver and a fire crab come into view.
Found a troll skeleton.
You see here a deep dwarf skeleton.
The entropy weaver shouts!
You see here a deep dwarf skeleton.
You see here a +0 helmet.
The fire crab breathes flames at you. The blast of flame misses you.
You are engulfed in blazing flames.
You are engulfed in blazing flames.
You are engulfed in blazing flames.
You are engulfed in blazing flames.
* * * LOW HITPOINT WARNING * * *
The fire crab breathes flames at you.
There is an open translucent door here.
You feel much better.
You are engulfed in blazing flames.
* * * LOW HITPOINT WARNING * * *
Okay, then.
You feel better.
You are engulfed in blazing flames.
You die...
Your body crumbles into a pile of gold.

#.....# #..### #.####.##
#.....####....# #.#...##
#<....)......## #B#...#
#.....#####..# #.#...##
#.....## #°.## #÷####.##
####...## #°°.# #.# ##.#
#####.....####°## #.# #..
...#.......###°°#########B#
#..
.............°°°@○○°°t[°÷.#
#..
##.#.......#################
#". ##.##.....##
#.#####.#...# ##.
##.#.....## #.##.......## ##
##.#._.#.# #####.##.##.####
)..#.....# #...........#
########## #.##.......##
########
#.##.##..#.####.......
#.##.#......)...#####.


You could see a fire crab.

Vanquished Creatures
  2 two-headed ogres
  A fire crab (D:10)
  A cyclops (D:11)
  Maggie (D:8)
  3 trolls
  A hornet (D:11)
  Grinder (D:6)
  A shadow (D:10)
  3 wraiths
  14 yaks
  4 vampire mosquitoes (D:11)
  A water moccasin (D:7)
  An orc warrior (D:10)
  2 sky beasts (D:8)
  3 black bears
  3 ice beasts
  5 ogres
  6 centaurs
  A phantom (D:6)
  4 bullfrogs
  2 kobold brigands
  6 scorpions
  10 wights (D:8)
  5 killer bees (D:7)
  8 howler monkeys
  2 jellies
  4 bombardier beetles
  A hound (D:5)
  7 orc priests
  2 gnoll boudas
  2 sleepcaps
  3 iguanas
  12 orc wizards
  10 gnolls
  5 adders
  A white imp (D:7)
  A ribbon worm (D:2)
  2 dart slugs
  31 orcs
  5 bats
  2 bat zombies (D:3)
  8 endoplasms
  A giant cockroach (D:4)
  8 goblins
  9 hobgoblins
  13 kobolds
  4 quokkas
  7 ball pythons
  4 frilled lizards
  A frilled lizard zombie (D:3)
  5 rats
239 creatures vanquished.

Notes
Turn   | Place    | Note
-------+----------+-------------------------------------------
     0 | D:1      | Gadfly the Spriggan Enchanter began the quest for the Orb.
     0 | D:1      | Reached XP level 1. HP: 9/9 MP: 5/5
   135 | D:1      | Reached XP level 2. HP: 13/13 MP: 6/6
   256 | D:1      | Learned a level 2 spell: Ensorcelled Hibernation
   295 | D:1      | Found Tawit's Armour Boutique.
   607 | D:1      | Reached XP level 3. HP: 11/17 MP: 8/8
   855 | D:1      | Learned a level 3 spell: Confusing Touch
  1065 | D:2      | Reached skill level 1 in Fighting
  1065 | D:2      | Reached skill level 1 in Evocations
  1705 | D:2      | Found a faded altar of an unknown god.
  1707 | D:2      | Noticed a shining eye
  1713 | D:2      | Noticed a golden eye
  1716 | D:2      | Noticed a shining eye
  1716 | D:2      | Noticed a great orb of eyes
  2020 | D:3      | Reached XP level 4. HP: 22/22 MP: 9/9
  2029 | D:3      | Reached skill level 5 in Stealth
  2657 | D:3      | Found an ancient bone altar of Kikubaaqudgha.
  2735 | D:3      | Identified the +0 leather armour of the Turtle {+Inv rCorr
                  | Int-4}
  2954 | D:4      | Reached XP level 5. HP: 8/25 MP: 1/10
  3143 | D:4      | Found a staircase to the Ecumenical Temple.
  3161 | Temple   | Entered the Ecumenical Temple
  3258 | Temple   | Became a worshipper of Gozag Ym Sagoz the Greedy
  3364 | D:4      | Reached XP level 6. HP: 9/30 MP: 8/12
  4071 | D:4      | Reached skill level 6 in Stealth
  4248 | D:5      | Entered Level 5 of the Dungeon
  4293 | D:5      | Found a sparkling altar of Nemelex Xobeh.
  4305 | D:5      | Reached XP level 7. HP: 35/35 MP: 9/14
  4371 | D:5      | Reached skill level 5 in Hexes
  4689 | D:5      | Found a runed translucent gate.
  4689 | D:5      | Found a runed translucent gate.
  4690 | D:5      | Found a runed translucent gate.
  4722 | D:5      | Noticed TheBioAlchemist's ghost (novice FoFi)
  4753 | D:5      | Reached skill level 5 in Dodging
  5022 | D:5      | Found a glowing golden altar of the Shining One.
  5099 | D:5      | Found a blossoming altar of Fedhas.
  5099 | D:5      | Found an iron altar of Okawaru.
  5137 | D:5      | Reached skill level 7 in Stealth
  5137 | D:5      | Reached XP level 8. HP: 39/39 MP: 13/16
  5587 | D:5      | Reached skill level 5 in Spellcasting
  5983 | D:6      | Found an ornate altar of the Wu Jian Council.
  6023 | D:6      | Reached skill level 5 in Evocations
  6220 | D:6      | Reached skill level 8 in Stealth
  6320 | D:6      | Found a basalt altar of Yredelemnul.
  6322 | D:6      | Reached skill level 5 in Short Blades
  6350 | D:6      | Noticed Grinder
  6366 | D:6      | Killed Grinder
  6367 | D:6      | Reached XP level 9. HP: 37/45 MP: 15/18
  7569 | D:7      | Found a runed translucent gate.
  7570 | D:7      | Found a runed translucent gate.
  7571 | D:7      | Found a runed translucent gate.
  7574 | D:7      | Noticed lupinibeans's ghost (novice DrBe)
  7642 | D:7      | Reached skill level 9 in Stealth
  7821 | D:7      | Found a burning altar of Makhleb.
  8092 | D:8      | Noticed Maggie
  8097 | D:8      | Killed Maggie
  8639 | D:8      | Reached XP level 10. HP: 51/51 MP: 16/21
  8922 | D:8      | Found Guff's Antique Armour Emporium.
  8965 | D:8      | You fall into a shaft and drop 3 floors!
  9230 | D:11     | Reached skill level 10 in Stealth
  9249 | D:10     | Entered Level 10 of the Dungeon
  9559 | D:10     | Reached skill level 5 in Fighting
  9668 | D:11     | Noticed a cyclops
  9679 | D:11     | Killed a cyclops
  9919 | D:9      | Found a broken altar of Ashenzari.
  9923 | D:9      | Found a radiant altar of Vehumet.
 10328 | D:9      | Noticed a two-headed ogre
 10336 | D:9      | Killed a two-headed ogre
 10337 | D:9      | Reached XP level 11. HP: 56/56 MP: 22/24
 10433 | D:8      | Identified the +1 sling of Infinite Pain {heavy, MP+9}
 10637 | D:8      | Reached skill level 11 in Stealth
 10740 | D:8      | Bought a runed robe for 99 gold pieces
 11254 | D:9      | Found a hide-covered altar of Uskayaw.
 11483 | D:10     | Noticed a two-headed ogre
 11507 | D:10     | Killed a two-headed ogre
 11914 | D:10     | Found a staircase to the Lair.
 11952 | D:10     | Found a snail-covered altar of Cheibriados.
 12073 | D:10     | Found a runed translucent door.
 12193 | D:10     | Noticed a fire crab
 12308 | D:10     | Killed a fire crab
 12337 | D:10     | Noticed an entropy weaver
 12337 | D:10     | Noticed a fire crab
 12346 | D:10     | HP: 1/56 [fire crab] (16)]
 12349 | D:10     | Engulfed by a fire crab's flame

Illustrated notes

Levels and vault maps discovered:
D:1:      shiori_angband_town, layout_loops_ring, serial_shops, shop
D:2:      layout_rooms, hellmonk_ecumenical_altar_watching_god,
          serial_co_window_serial, co_window_cross_1, co_window_paths_a,
          co_window_of_opportunity_a, co_window_paths_b, co_window_corner_a,
          co_window_corner_b, co_window_corner_ca, co_window_broadway_a,
          co_window_corner_b, co_window_corner_ca, co_window_broadway_a,
          co_window_2corner, glass_columns_a, glass_columns_b
D:3:      layout_loops_ring, lemuel_zombie_altar_kikubaaqudgha
D:4:      layout_basic, minmay_temple_entry_wispy, serial_glass,
          glass_columns_a, glass_columns_c
D:5:      layout_gridville, gammafunk_temple_overflow_elements,
          kennysheep_little_box, kennysheep_mini, gammafunk_ghost_split,
          grunt_decor_junction
D:6:      layout_loops_ring, nicolae_overflow_hidden_temple, old_standard_altar,
          uniq_grinder
D:7:      layout_loops_cross, lemuel_coloured_pillars_altar,
          gammafunk_ghost_necromancy
D:8:      layout_cave_pods, serial_shops, shop, uniq_maggie
D:9:      layout_roguey, grunt_temple_overflow_open,
          mainiacjoe_overflow_brackets
D:10:     gammafunk_mikee_crab_dinner, layout_loops_cross, cheibriados_altar_1,
          lair_entry_dummy
D:11:     layout_long_grid, enter_trove_6
Temple:   chequers_temple_sunken

Skill      XL: |  1  2  3  4  5  6  7  8  9 10 11 |
---------------+----------------------------------+-----
Dodging        | 3 4 5 6 7 8 9 |  9.4
Fighting       | 1 2 3 4 5 |  5.9
Evocations     | 1 2 3 4 5 6 8 |  8.9
Spellcasting   | 3 4 5 6 8 |  8.6
Hexes          | 4 5 6 7 8 9 |  9.1
Short Blades   | 2 3 4 5 6 7 |  7.9
Stealth        | 5 6 7 8 9 10 11 | 11.5

Action                     |  1- 3 |  4- 6 |  7- 9 | 10-12 || total
---------------------------+-------+-------+-------+-------++-------
  Melee: Dagger            |    82 |   132 |   103 |    40 ||   357
         Punch             |       |     1 |     3 |       ||     4
         Short sword       |       |       |   180 |   129 ||   309
   Cast: Ensorcelled Hiber |     7 |    51 |    87 |    47 ||   192
         Confusing Touch   |       |     1 |    12 |    13 ||    26
    Use: Scroll            |     5 |     1 |     2 |     6 ||    14
         Potion            |     1 |       |     3 |     2 ||     6
   Stab: Sleeping          |    21 |    33 |    65 |    39 ||   158
         Confused          |       |     1 |    14 |    13 ||    28
         Distracted        |       |       |       |     1 ||     1
 Armour: Robe              |    19 |    25 |    53 |    34 ||   131
  Dodge: Dodged            |    45 |   150 |   240 |   129 ||   564
